 Dungeon Crawl Stone Soup version 0.31-a0-819-gf6de2f5ab6 (webtiles) character file.

Game seed: 16661434402896850378

1236 qw the Skirmisher (level 8, -5/49 HPs)
             Began as a Gargoyle Hunter on Sept 23, 2023.
             Was a Follower of Okawaru.
             Slain by Maggie
             ... wielding the +9 lance "Wyrmbane" {slay drac, rPois rF+ rC+ AC+3}
              (6 damage)
             ... on level 6 of the Dungeon.
             The game lasted 00:01:54 (4002 turns).

qw the Skirmisher (Gargoyle Hunter)                 Turns: 4002, Time: 00:01:54

Health: -5/49      AC: 13    Str: 15    XL:     8   Next: 49%
Magic:  18/19      EV: 14    Int: 13    God:    Okawaru [*.....]
Gold:   145        SH:  0    Dex: 15    Spells: 7/7 levels left

rFire   + . .        Y - +1 shortbow (drain)
rCold   . . .        (shield currently unavailable)
rNeg    + . .        d - +0 ring mail
rPois   inf          (no helmet)
rElec   +            b - +0 cloak
rCorr   .            (no gloves)
SInv    .            (no boots)
Will    .....        (no amulet)
Stlth   +++          a - ring of the Demon Prince {rF+ MP+9 Int+3}
HPRegen 0.28/turn    (no ring)
MPRegen 0.16/turn

%: no passive effects
@: about to teleport, heroic
A: sickness immunity, AC +5, negative energy resistance 1, electricity
resistance, torment resistance 1, petrification resistance
a: Renounce Religion, Heroism


You were on level 6 of the Dungeon.
You worshipped Okawaru.
Okawaru was aware of your devotion.
You visited 2 branches of the dungeon, and saw 7 of its levels.

You collected 279 gold pieces.
You spent 134 gold pieces at shops.


Innate Abilities, Weirdness & Mutations

You are immune to sickness and miasma.
Your stone body is resilient. (AC +5)
You are immune to poison.
You resist negative energy. (rN+)
You are resistant to electric shocks. (rElec)
You are resistant to unholy torment.
You are immune to petrification.


   Skills:
 - Level 5.0(10.0) Fighting
 + Level 8.7(13.7) Ranged Weapons
 - Level 2.1(7.1) Armour
 - Level 2.3(7.3) Dodging
 - Level 1.1(6.1) Stealth
 + Level 3.3 Invocations


You had 7 spell levels left.
You didn't know any spells.
Your spell library was empty.

Inventory:

Hand Weapons
 Y - a +1 shortbow of draining (weapon)
Armour
 b - a +0 cloak (worn)
 d - a +0 ring mail (worn)
Jewellery
 a - the ring of the Demon Prince (left hand) {rF+ MP+9 Int+3}
   (You found it on level 3 of the Dungeon)

   [ring of magical power]

   Int+3:     It affects your intelligence (+3).
   rF+:       It protects you from fire.
   MP+9:      It affects your magic capacity (+9).
Scrolls
 h - 3 scrolls of identify
Potions
 c - a potion of enlightenment
 e - a potion of attraction {unknown}
 f - a potion of brilliance {unknown}
 g - a potion of mutation
 i - a potion of curing
 j - a potion of might
 l - a potion of heal wounds {unknown}
 m - a potion of berserk rage {unknown}

Dungeon Overview and Level Annotations

Branches:
Dungeon (6/15)             Temple (1/1) D:5

Altars:
Dithmenos
Elyvilon
Hepliaklqana
Kikubaaqudgha
Makhleb
Nemelex Xobeh
Okawaru
Ru
Vehumet
Wu Jian
Xom
Zin
The Shining One

Shops:
D:2 *   D:3 [[?=   D:4 *   D:5 :

Annotations:
D:5 1 runed translucent door, qw's ghost, novice GrHu
D:6 Dowan; Duvessa; Maggie


Message History

Duvessa barely misses you.
Maggie shouts, "Leave me alone!"
Maggie barely misses you.
You shoot an arrow. The arrow barely misses Duvessa.
Duvessa closely misses you.
Maggie hits you from afar with the +9 lance "Wyrmbane" {slay drac, rPois rF+ rC+ AC+3}.
Duvessa hits you but does no damage.
You shoot an arrow.
The arrow hits Duvessa but does no damage.
You drain Duvessa.
Duvessa is moderately wounded.
Dowan seems less drained.
Duvessa hits you but does no damage. Maggie closely misses you.
You shoot an arrow.
The arrow hits Duvessa but does no damage.
You drain Duvessa.
Duvessa is moderately wounded.
Duvessa hits you but does no damage.
Dowan smirks and points a slender finger.
You shoot an arrow. The arrow completely misses Duvessa.
Duvessa hits you but does no damage. Maggie hits you but does no damage.
You shoot an arrow. The arrow hits Duvessa.
Duvessa is heavily wounded.
Duvessa hits you with a +2 short sword of electrocution.
Maggie hits you from afar with the +9 lance "Wyrmbane" {slay drac, rPois rF+ rC+ AC+3}!
Dowan says, "My weaknesses are her strengths!"
Duvessa barely misses you.
4001 ||| READING scroll of teleportation.
As you read the scroll of teleportation, it crumbles to dust.
You feel strangely unstable.
An adder comes into view.
Duvessa hits you but does no damage.
Maggie hits you from afar with the +9 lance "Wyrmbane" {slay drac, rPois rF+ rC+ AC+3}!
You shoot an arrow. The adder hisses angrily.
The arrow hits Duvessa.
You drain Duvessa.
Duvessa is heavily wounded.
Duvessa hits you but does no damage.
Maggie hits you from afar with the +9 lance "Wyrmbane" {slay drac, rPois rF+ rC+ AC+3}.
You die...

#.# ##.......# #..#
####.....#### #..
#.....####
#.##...### ..
###.....## .#
#....#.## ##.
#.#(...# #. #....###
##)..#@# ##
##...##e########....
#.......@..e........
........e....#...
..##......S..# ##
#.........#
#.........#
#.........#
#.........#


You could see Maggie, Duvessa (fast, very drained), Dowan and an adder.

Vanquished Creatures
  A water moccasin (D:5)
  An orc warrior (D:5)
  An ice beast (D:6)
  A black bear (D:5)
  An ogre (D:5)
  A scorpion (D:5)
  4 wights
  2 hounds
  A jelly (D:3)
  4 sleepcaps
  Natasha (thrice) (D:4)
  2 iguanas
  An orc wizard (D:5)
  7 adders
  A worm (D:2)
  3 dart slugs
  6 orcs
  7 ball pythons
  11 endoplasms
  3 giant cockroaches
  6 goblins
  11 hobgoblins
  2 jackals (D:5)
  6 kobolds
  4 quokkas
  4 bats
  3 frilled lizards
  8 rats
105 creatures vanquished.

Notes
Turn   | Place    | Note
-------+----------+-------------------------------------------
     0 | D:1      | qw the Gargoyle Hunter began the quest for the Orb.
     0 | D:1      | Reached XP level 1. HP: 12/12 MP: 1/1
     0 | D:1      | 0 ||| qw: Version: 0.3-a-83-gcd0e7d8
     0 | D:1      | 0 ||| qw: Game counter: 1498
     0 | D:1      | 0 ||| qw: Melee chars always use a shield: true
     0 | D:1      | 0 ||| qw: God list: Okawaru
     0 | D:1      | 0 ||| qw: Allow faded altars: false
     0 | D:1      | 0 ||| qw: Do Orc after clearing Dungeon:15 true
     0 | D:1      | 0 ||| qw: Do second Lair branch before Depths: true
     0 | D:1      | 0 ||| qw: Lair rune preference: random
     0 | D:1      | 0 ||| qw: Goals: Normal
     0 | D:1      | 0 ||| PLANNING D:1-11
    98 | D:1      | Reached XP level 2. HP: 17/17 MP: 2/2
   420 | D:1      | Reached XP level 3. HP: 21/21 MP: 3/3
   473 | D:1      | Reached skill level 5 in Ranged Weapons
   668 | D:1      | 668 ||| UPGRADING to +0 ring mail.
   678 | D:1      | 678 ||| DROPPING +0 leather armour.
   679 | D:1      | 679 ||| DROPPING scroll of butterflies.
   709 | D:2      | 709 ||| STAIRDANCE
   717 | D:2      | 717 ||| STAIRDANCE
   735 | D:2      | Found Meph's Assorted Antiques.
   747 | D:2      | 747 ||| BUYING murky amethyst potion (24 gold).
   747 | D:2      | Bought a murky amethyst potion for 24 gold pieces
   747 | D:2      | 747 ||| SHOPLISTING murky cyan potion (24 gold, have 4).
   747 | D:2      | 747 ||| SHOPLISTING scroll labelled NOATWI MOPI (27 gold,
                  | have 4).
   747 | D:2      | 747 ||| SHOPLISTING scroll labelled SUIXTU NOWKYSH (27
                  | gold, have 4).
   763 | D:2      | Reached skill level 1 in Armour
   912 | D:2      | Reached XP level 4. HP: 26/27 MP: 4/4
   975 | D:2      | Reached skill level 3 in Fighting
  1096 | D:2      | Found a faded altar of an unknown god.
  1135 | D:2      | 1135 ||| READING scroll labelled SOGUOL SELYCLURUNK.
  1136 | D:2      | 1136 ||| READING scroll labelled NOATWI MOPI.
  1137 | D:2      | 1137 ||| READING scroll labelled ULOHIYCYBA.
  1138 | D:2      | 1138 ||| READING scroll labelled XONEVUFENG.
  1139 | D:2      | 1139 ||| READING scroll labelled AROZOR VANLA.
  1140 | D:2      | 1140 ||| READING scroll labelled OCYAVVITHA.
  1141 | D:2      | 1141 ||| READING scroll labelled XOVEOG VOCIGH.
  1217 | D:3      | Found Acei's Antique Armour Shop.
  1220 | D:3      | 1220 ||| SHOPLISTING pair of boots (103 gold, have 25).
  1220 | D:3      | 1220 ||| SHOPLISTING runed scarf (184 gold, have 25).
  1279 | D:3      | Reached XP level 5. HP: 32/32 MP: 5/5
  1307 | D:3      | Identified the ring of the Demon Prince {rF+ MP+9 Int+3}
  1385 | D:3      | Found Kus Qeod's Jewellery Shoppe.
  1413 | D:3      | 1413 ||| SHOPLISTING +4 ring of protection (468 gold, have
                  | 25).
  1413 | D:3      | 1413 ||| SHOPLISTING +6 ring of dexterity (468 gold, have
                  | 25).
  1413 | D:3      | 1413 ||| SHOPLISTING +6 ring of strength (468 gold, have
                  | 25).
  1413 | D:3      | 1413 ||| SHOPLISTING amulet of faith (520 gold, have 25).
  1413 | D:3      | 1413 ||| SHOPLISTING ring "Mib Zaco" {rPois rF+ rN+ SInv}
                  | (486 gold, have 25).
  1413 | D:3      | 1413 ||| SHOPLISTING ring of ice (325 gold, have 25).
  1473 | D:3      | Found Cesiuxec's Antique Armour Shop.
  1487 | D:3      | 1487 ||| SHOPLISTING embroidered scarf (176 gold, have 60).
  1487 | D:3      | 1487 ||| SHOPLISTING glowing leather armour (110 gold, have
                  | 60).
  1501 | D:3      | Found a sacrificial altar of Ru.
  1650 | D:3      | Found Ythropn's Magic Scroll Shoppe.
  1653 | D:3      | 1653 ||| BUYING 3 scrolls of identify (66 gold).
  1653 | D:3      | Bought 3 scrolls of identify for 66 gold pieces
  1653 | D:3      | 1653 ||| SHOPLISTING scroll of enchant weapon (82 gold,
                  | have 34).
  1653 | D:3      | 1653 ||| BUYING scroll of identify (22 gold).
  1653 | D:3      | Bought a scroll of identify for 22 gold pieces
  1653 | D:3      | 1653 ||| SHOPLISTING scroll of identify (22 gold, have 12).
  1758 | D:3      | 1758 ||| DROPPING amulet of magic regeneration.
  1759 | D:3      | 1759 ||| UPGRADING to ring of the Demon Prince {rF+ MP+9
                  | Int+3}.
  1824 | D:3      | 1824 ||| READING scroll labelled NABOAC HATIM.
  1828 | D:3      | 1828 ||| READING 4 scrolls of identify.
  1828 | D:3      | 1828 ||| IDENTIFYING murky amethyst potion
  1829 | D:3      | 1829 ||| READING 3 scrolls of identify.
  1829 | D:3      | 1829 ||| IDENTIFYING emerald potion
  1830 | D:3      | 1830 ||| READING 2 scrolls of identify.
  1830 | D:3      | 1830 ||| IDENTIFYING bubbling amethyst potion
  1831 | D:3      | 1831 ||| DROPPING potion of ambrosia.
  1967 | D:4      | Reached skill level 6 in Ranged Weapons
  2036 | D:4      | Noticed Natasha
  2042 | D:4      | Killed Natasha
  2071 | D:4      | Found Gieloc's Assorted Antiques.
  2074 | D:4      | Found a burning altar of Makhleb.
  2078 | D:4      | 2078 ||| SHOPLISTING 2 scrolls of identify (100 gold, have
                  | 31).
  2078 | D:4      | 2078 ||| SHOPLISTING embroidered robe (92 gold, have 31).
  2078 | D:4      | 2078 ||| SHOPLISTING large iron ring (125 gold, have 31).
  2078 | D:4      | 2078 ||| BUYING murky cyan potion (22 gold).
  2078 | D:4      | Bought a murky cyan potion for 22 gold pieces
  2078 | D:4      | 2078 ||| SHOPLISTING scroll of enchant weapon (187 gold,
                  | have 9).
  2115 | D:4      | Noticed Natasha
  2121 | D:4      | Killed Natasha
  2177 | D:4      | Noticed Natasha
  2184 | D:4      | Killed Natasha
  2185 | D:4      | Reached XP level 6. HP: 38/38 MP: 6/6
  2320 | D:4      | 2320 ||| UPGRADING to +0 cloak.
  2325 | D:4      | 2325 ||| READING scroll labelled URIMUX AXTAKLI.
  2326 | D:4      | 2326 ||| READING scroll labelled ACSOKO OGHEL.
  2327 | D:4      | 2327 ||| DRINKING 2 murky cyan potions.
  2342 | D:5      | Entered Level 5 of the Dungeon
  2476 | D:5      | Found a runed translucent door.
  2482 | D:5      | Noticed a black bear
  2497 | D:5      | Killed a black bear
  2498 | D:5      | Reached skill level 7 in Ranged Weapons
  2600 | D:5      | Found a staircase to the Ecumenical Temple.
  2601 | D:5      | 2601 ||| PLANNING TEMPLE
  2606 | Temple   | Entered the Ecumenical Temple
  2607 | Temple   | 2607 ||| PLANNING OKAWARU WORSHIP
  2625 | Temple   | Became a worshipper of Warmaster Okawaru
  2626 | Temple   | 2626 ||| PLANNING D:1-11
  2769 | D:5      | Reached XP level 7. HP: 43/43 MP: 7/7
  2792 | D:5      | Reached skill level 8 in Ranged Weapons
  3042 | D:5      | Noticed qw's ghost (novice GrHu)
  3042 | D:5      | Noticed a yak
  3121 | D:5      | Found Xirumi's Book Emporium.
  3318 | D:5      | 3318 ||| DROPPING +0 leather armour of poison resistance.
  3319 | D:5      | 3319 ||| DRINKING 2 white potions.
  3336 | D:6      | 3336 ||| STAIRDANCE
  3376 | D:6      | 3376 ||| STAIRDANCE
  3539 | D:6      | 3539 ||| STAIRDANCE
  3544 | D:5      | Reached * piety under Okawaru
  3545 | D:5      | Reached XP level 8. HP: 18/49 MP: 8/8
  3691 | D:6      | 3691 ||| STAIRDANCE
  3710 | D:5      | 3710 ||| DRINKING 2 potions of curing.
  3710 | D:5      | 3710 ||| (to cure confusion)
  3712 | D:5      | Reached skill level 1 in Invocations
  3753 | D:6      | 3753 ||| INVOKING Heroism.
  3973 | D:6      | Noticed Dowan
  3974 | D:6      | 3974 ||| INVOKING Heroism.
  3978 | D:6      | Noticed Duvessa
  3979 | D:6      | 3979 ||| Stepping ~*~*~tactically~*~*~ (retreating).
  3981 | D:6      | Noticed Maggie
  3982 | D:6      | 3982 ||| Stepping ~*~*~tactically~*~*~ (retreating).
  3983 | D:6      | 3983 ||| Stepping ~*~*~tactically~*~*~ (retreating).
  3984 | D:6      | 3984 ||| Stepping ~*~*~tactically~*~*~ (retreating).
  3985 | D:6      | 3985 ||| Stepping ~*~*~tactically~*~*~ (retreating).
  3986 | D:6      | 3986 ||| Stepping ~*~*~tactically~*~*~ (retreating).
  3993 | D:6      | Reached skill level 3 in Invocations
  3993 | D:6      | 3993 ||| INVOKING Heroism.
  4000 | D:6      | HP: 8/49 [Maggie/the +9 lance "Wyrmbane" {slay drac, rPois
                  | rF+ rC+ AC+3} (7)]
  4001 | D:6      | 4001 ||| READING scroll of teleportation.
  4001 | D:6      | HP: 1/49 [Maggie/the +9 lance "Wyrmbane" {slay drac, rPois
                  | rF+ rC+ AC+3} (7)]
  4002 | D:6      | Slain by Maggie

Levels and vault maps discovered:
D:1:      amcnicky_arrival_single_pillar, layout_basic
D:2:      layout_rooms, serial_shops, nicolae_shop_dealshenge,
          chequers_ecumenical_altar_simple_redux
D:3:      layout_rooms, amcnicky_altar_gilded, serial_shops,
          nicolae_shop_behind_doors, nicolae_shop_waterfront,
          nicolae_shop_waterfront, nicolae_shop_rolled_up, dk_vineyard_2,
          wad_floor_pattern_1, minmay_misc_feat_doors
D:4:      layout_cave_pools, bloody_makhleb, serial_shops, shop, uniq_natasha
D:5:      layout_basic, minmay_temple_entry_wispy, serial_corexii_hall,
          corexii_hall_statues_t, chequers_hall_statues_y, serial_shops,
          nicolae_shop_back_alley_shop, ebering_ghost_inner_flame
D:6:      layout_rooms, minitemple, uniq_duvessa, uniq_maggie
Temple:   nicolae_temple_bog_church

Skill      XL: |  1  2  3  4  5  6  7  8 |
---------------+-------------------------+-----
Ranged Weapons | 5 6 7 8 |  8.7
Armour         | 1 2 |  2.1
Fighting       | 3 4 5 |  5.0
Dodging        | 2 |  2.3
Invocations    | 3 |  3.3
Stealth        | |  1.1

Action                     |  1- 3 |  4- 6 |  7- 9 || total
---------------------------+-------+-------+-------++-------
   Fire: Shortbow          |   119 |   161 |   137 ||   417
 Invoke: Heroism           |       |       |     3 ||     3
    Use: Scroll            |       |    13 |     1 ||    14
         Potion            |       |     1 |     2 ||     3
 Armour: Leather armour    |     6 |       |       ||     6
         Ring mail         |    17 |    51 |   101 ||   169
  Dodge: Dodged            |    26 |    37 |    67 ||   130

Table legend:
 A = Non-vault XP
 B = Vault XP
 C = Vault XP percentage of total XP
 D = Non-vault monster count
 E = Vault monster count
 F = Vault count percentage of total count
                 A         B        C        D         E       F
            +---------+---------+-------+---------+---------+-------
      Total |    1731 |      35 |   2.0 |     104 |       1 |   1.0
            +---------+---------+-------+---------+---------+-------
        D:1 |      54 |       0 |   0.0 |      29 |       0 |   0.0
        D:2 |      52 |       0 |   0.0 |      14 |       0 |   0.0
        D:3 |      75 |       0 |   0.0 |      22 |       0 |   0.0
        D:4 |     133 |      35 |  20.8 |      12 |       1 |   7.7
        D:5 |     890 |       0 |   0.0 |      16 |       0 |   0.0
        D:6 |     527 |       0 |   0.0 |      11 |       0 |   0.0
            +---------+---------+-------+---------+---------+-------
